 Dungeon Crawl Stone Soup version 0.31-a0-1267-gfedaa18580 (webtiles) character file.

Game seed: 7502296537683463640

41 porpoise the Chopper (level 3, 0/34 HPs)
             Began as a Hill Orc Monk on Dec 17, 2023.
             Slain by Terence
             ... wielding a +0 morningstar of holy wrath
              (8 damage)
             ... on level 2 of the Dungeon.
             The game lasted 00:02:41 (1011 turns).

porpoise the Chopper (Hill Orc Monk)                Turns: 1011, Time: 00:02:42

Health: 0/34       AC:  3    Str: 13    XL:     3   Next: 52%
Magic:  3/3        EV: 12    Int: 12    God:
Gold:   69         SH:  4    Dex: 13    Spells: 2/2 levels left

rFire   + . .        a - +0 hand axe
rCold   + . .        i - +0 buckler
rNeg    . . .        g - +0 robe
rPois   +            j - +0 helmet
rElec   +            (no cloak)
rCorr   +            (no gloves)
SInv    .            (no boots)
Will    .....        (no amulet)
Stlth   +            (no ring)
HPRegen 0.25/turn    (no ring)
MPRegen 0.08/turn

%: no passive effects
@: resistant
A: no striking features
a: no special abilities


You were on level 2 of the Dungeon.
You visited 1 branch of the dungeon, and saw 2 of its levels.

You collected 69 gold pieces.

Inventory:

Hand Weapons
 a - a +0 hand axe (weapon)
 b - a +0 sling
Armour
 d - an orb of light
 g - a +0 robe (worn)
 i - a +0 buckler (worn)
 j - a +0 helmet (worn)
Scrolls
 e - a scroll of identify {unknown}
Potions
 c - a potion of ambrosia
 h - a potion of attraction {unknown}


   Skills:
 + Level 4.3 Fighting
 + Level 4.7 Axes
 + Level 2.9 Dodging


You had 2 spell levels left.
You didn't know any spells.
Your spell library was empty.

Dungeon Overview and Level Annotations

Branches:
Dungeon (2/15)

Altars:

Annotations:
D:2 Terence


Message History

Unknown command.
You don't know any spells.
Sorry, you're not good enough to have a special ability.
Unknown command.
You don't know any spells.
You don't know any spells.
Unknown command.
Unknown command.
Unknown command.
You don't know any spells.
Unknown command.
Unknown command.
You shoot a sling bullet.
The sling bullet hits Terence but does no damage.
Terence is lightly wounded.
Terence zaps a wand.
The puff of flame hits you.
a - a +0 hand axe (weapon)
You barely miss Terence.
Terence is lightly wounded.
Terence barely misses you.
You hit Terence.
Terence is moderately wounded.
Terence screams, "I want your blood!"
Terence zaps a wand.
The puff of flame hits you.
You hit Terence.
Terence is moderately wounded.
Terence hits you with a +0 morningstar of holy wrath!
* * * LOW HITPOINT WARNING * * *
You hit Terence but do no damage.
Terence is moderately wounded.
Terence barely misses you.
It was a potion of resistance.
You feel protected.
Terence asks, "Do you want it fast or slow?"
Terence hits you with a +0 morningstar of holy wrath!
You die...
Terence says, "That felt goooood."

#.# #.# #........ #.###
#..#.... #...# #.......
# #####.#########.....#
.#
....................#...
#####.##.#.#####......#
#.##.#.## #....!#
#.##...)###.@@#.#
#.####..........# #.#
##.###...### #.# #.#
#...# #.# #.# #...# #.#
#...). ... ..#.### ..#
###.# #.# .#


You could see Terence.

Vanquished Creatures
  An adder (D:2)
  2 dart slugs (D:1)
  4 bats (D:1)
  5 endoplasms
  A giant cockroach (D:1)
  3 hobgoblins (D:1)
  A quokka (D:1)
  3 frilled lizards (D:1)
  3 goblins
  2 kobolds (D:1)
  A rat (D:1)
26 creatures vanquished.

Notes
Turn   | Place    | Note
-------+----------+-------------------------------------------
     0 | D:1      | porpoise the Hill Orc Monk began the quest for the Orb.
     0 | D:1      | Reached XP level 1. HP: 19/19 MP: 1/1
    91 | D:1      | Found a faded altar of an unknown god.
   144 | D:1      | Reached XP level 2. HP: 17/27 MP: 2/2
   444 | D:1      | Reached XP level 3. HP: 33/33 MP: 3/3
  1001 | D:2      | Noticed Terence
  1011 | D:2      | Slain by Terence

Illustrated notes

Levels and vault maps discovered:
D:1:      giann_wishing_wells, layout_basic, chequers_ecumenical_altar_island
D:2:      layout_loops_ring, nicolae_wormholes, uniq_terence

Skill      XL: |  1  2 |
---------------+-------+-----
Fighting       | 4 |  4.3
Axes           | |  4.7
Dodging        | |  2.9

Action                     || total
---------------------------++-------
  Melee: Hand axe          ||    60
   Fire: Sling             ||    25
    Use: Potion            ||     1
 Armour: Robe              ||    35
  Dodge: Dodged            ||    55
  Block: Buckler           ||     2

Table legend: (Time is in decaauts)
 A = Elapsed time spent in this place.
 B = Non-inter-level travel time spent in this place.
 C = Inter-level travel time spent in this place.
 D = Time resting spent in this place.
 E = Time spent auto-exploring this place.
 F = Levels seen in this place.
 G = Mean time per level.
                   A        B        C        D        E       F      G
               +--------+--------+--------+--------+--------+-----+--------+
         Total |   1030 |   1023 |      7 |    230 |    575 |   2 |  515.0 |
       Dungeon |   1030 |   1023 |      7 |    230 |    575 |   2 |  515.0 |
               +--------+--------+--------+--------+--------+-----+--------+

Top non-repeatable levels by time:
     D:1: 660 daAuts
     D:2: 370 daAuts
